 Dungeon Crawl Stone Soup version 0.27-a0-242-ge0fc76b88b (webtiles) character file.

Game seed: 2332132184841647284

315 Borgoz the Ruffian (level 6, -7/51 HPs)
             Began as a Ghoul Gladiator on Feb 2, 2021.
             Splashed by Pikel's acid (12 damage)
             ... on level 4 of the Dungeon.
             The game lasted 00:06:12 (3254 turns).

Borgoz the Ruffian (Ghoul Gladiator)                Turns: 3254, Time: 00:06:12

Health: -7/51      AC: -1    Str: 18    XL:     6   Next: 43%
Magic:  5/5        EV: 12    Int:  3    God:
Gold:   130        SH:  0    Dex: 12    Spells: 5/5 levels left

rFire    . . .     SeeInvis .     - Unarmed
rCold    + . .     Faith    .   (no shield)
rNeg     + + +     Spirit   .   i - +0 ring mail
rPois    ∞         Reflect  .   b - +0 helmet
rElec    .         Harm     .   (no cloak)
rCorr    .         Rampage  .   (no gloves)
Will     .....                  (no boots)
Stlth    +.........             (no amulet)
HPRegen  0.00/turn              (no ring)
MPRegen  0.09/turn              (no ring)

@: corroded
A: claws 1, cold resistance 1, negative energy resistance 3, inhibited
regeneration, torment resistance, unbreathing
a: no special abilities


You were on level 4 of the Dungeon.
You visited 1 branch of the dungeon, and saw 4 of its levels.

You collected 130 gold pieces.

Inventory:

Missiles
 c - 3 throwing nets (quivered)
Armour
 b - a +0 helmet (worn)
 i - a +0 ring mail (worn)
Jewellery
 f - an uncursed ring of ice
Wands
 a - a wand of polymorph (13)
 j - a wand of iceblast (10)
Scrolls
 d - 2 scrolls of immolation {unknown}
 e - 4 scrolls of identify {unknown}
 k - a scroll of magic mapping {unknown}
 l - 4 scrolls of amnesia {unknown}
 m - a scroll of enchant armour {unknown}
 n - a scroll of fear {unknown}
Potions
 g - 4 potions of curing
 h - 3 potions of haste {unknown}
 o - a potion of might {unknown}
 p - 2 potions of heal wounds {unknown}


   Skills:
 + Level 3.6 Fighting
 - Level 1.7 Throwing
 + Level 2.0 Armour
 * Level 4.2 Dodging
 * Level 5.1 Unarmed Combat


You had 5 spell levels left.
You didn't know any spells.
Your spell library was empty.

Dungeon Overview and Level Annotations

Branches:
Dungeon (4/15)
 Temple: D:4-7

Altars:

Annotations:
D:4 Pikel


Innate Abilities, Weirdness & Mutations

You thrive by killing the living.
You are immune to poison.
You have sharp fingernails.
Your flesh is cold resistant. (rC+)
You are immune to negative energy. (rN+++)
You do not regenerate when monsters are visible.
You are immune to unholy pain and torment.
You can survive without breathing.


Message History

Pikel zaps a wand.
The bolt of acid hits you. The acid corrodes you!
You are splashed with acid!
You scratch Pikel but do no damage.
Pikel is moderately wounded.
Pikel closely misses you.
You closely miss Pikel.
Pikel is moderately wounded.
You scratch Pikel.
Pikel is heavily wounded.
Pikel hits you with a +0 whip of freezing.
You are too injured to fight recklessly!
It was a potion of curing.
You feel better. Pikel closely misses you.
You scratch Pikel.
Pikel is heavily wounded.
Pikel says, "You'll feel the lick of my whip!"
Pikel zaps a wand.
The bolt of acid hits you!!
Ouch! That really hurt!
* * * LOW HITPOINT WARNING * * *
The acid corrodes you!
You are splashed with acid!
You die...

..5............
.$.............
...............
...............
.......<.......
####..5........
##55l....... #.
##K#####..# #.
###.@## .# #.#
#.....## # ##.#
#......#
#####..####......#.
#.......#..........#
#...>...#.#######....
#....)....# ####
#.......### #.......#


You could see Pikel, 3 lemures and a frilled lizard.

Vanquished Creatures
  A lemure (D:3)
  A scorpion (D:4)
  An orc wizard (D:3)
  2 worker ants
  9 adders
  An adder skeleton (D:4)
  2 worms
  3 leopard geckos
  4 orcs (D:3)
  4 giant cockroaches
  11 goblins
  15 hobgoblins
  12 jackals
  A quokka (D:2)
  A ball python (D:3)
  12 bats
  3 frilled lizards
  3 kobolds
  13 rats
99 creatures vanquished.

Vanquished Creatures (others)
  2 plants (D:2)
2 creatures vanquished.

Grand Total: 101 creatures vanquished

Notes
Turn   | Place    | Note
-------+----------+-------------------------------------------
     0 | D:1      | Borgoz the Ghoul Gladiator began the quest for the Orb.
     0 | D:1      | Reached XP level 1. HP: 17/17 MP: 0/0
   266 | D:1      | Reached XP level 2. HP: 24/24 MP: 1/1
   816 | D:1      | Reached XP level 3. HP: 30/30 MP: 2/2
  1147 | D:2      | Reached skill level 1 in Armour
  1198 | D:2      | Reached skill level 4 in Unarmed Combat
  1198 | D:2      | Reached XP level 4. HP: 23/37 MP: 3/3
  1625 | D:2      | Found a faded altar of an unknown god.
  1888 | D:3      | Reached XP level 5. HP: 45/45 MP: 4/4
  2810 | D:4      | Noticed Pikel
  2810 | D:4      | Noticed a lemure
  2810 | D:4      | Noticed a lemure
  2810 | D:4      | Noticed a lemure
  2811 | D:4      | Noticed a lemure
  2827 | D:3      | Killed a lemure
  2835 | D:3      | Reached XP level 6. HP: 17/51 MP: 5/5
  3132 | D:4      | Reached skill level 5 in Unarmed Combat
  3254 | D:4      | Splashed by Pikel's acid

Illustrated notes

Levels and vault maps discovered:
D:1:      ebering_trefoil_twist, layout_basic
D:2:      layout_basic, chequers_ecumenical_altar_lobes
D:3:      minmay_diamond_boxcup, layout_basic, minmay_quantized
D:4:      kennysheep_goblin_castle, layout_rooms, uniq_pikel

Skill      XL: |  1  2  3  4  5  6 |
---------------+-------------------+-----
Dodging        | 3 4 |  4.2
Armour         | 1 2 |  2.0
Unarmed Combat | 4 5 |  5.1
Fighting       | 3 |  3.6
Throwing       | |  1.7

Action                   |  1- 3 |  4- 6 || total
-------------------------+-------+-------++-------
Melee: Unarmed           |   142 |   243 ||   385
       Punch             |     3 |     2 ||     5
  Use: Potion            |       |     1 ||     1
Armor: Leather armour    |    61 |     6 ||    67
       Ring mail         |       |    78 ||    78
Dodge: Dodged            |    95 |   161 ||   256

Table legend: (Time is in decaauts)
 A = Elapsed time spent in this place.
 B = Non-inter-level travel time spent in this place.
 C = Inter-level travel time spent in this place.
 D = Time resting spent in this place.
 E = Time spent auto-exploring this place.
 F = Levels seen in this place.
 G = Mean time per level.
                   A        B        C        D        E       F      G
               +--------+--------+--------+--------+--------+-----+--------+
         Total |   3222 |   3121 |    101 |    408 |   1975 |   4 |  805.5 |
       Dungeon |   3222 |   3121 |    101 |    408 |   1975 |   4 |  805.5 |
               +--------+--------+--------+--------+--------+-----+--------+

Top non-repeatable levels by time:
     D:3: 1225 daAuts
     D:1: 1065 daAuts
     D:2: 755 daAuts
     D:4: 175 daAuts
